 Dungeon Crawl Stone Soup version 0.27-a0-1529-g1e82c303ef (webtiles) character file.

Game seed: 10893546911575904141

100 Morbidden the Firebug (level 4, -3/35 HPs)
             Began as a Demigod Fire Elementalist on July 12, 2021.
             Slain by a gnoll (10 damage)
             ... on level 2 of the Dungeon.
             The game lasted 00:02:41 (2563 turns).

Morbidden the Firebug (Demigod Fire Elementalist)   Turns: 2563, Time: 00:02:41

Health: -3/35      AC:  2    Str:  9    XL:     4   Next: 23%
Magic:  7/10       EV: 12    Int: 21    God:
Gold:   74         SH:  0    Dex: 14    Spells: 7/8 levels left

rFire    . . .     SeeInvis .   a - +3 short sword
rCold    . . .     Faith    .   (no shield)
rNeg     . . .     Spirit   .   i - +0 robe
rPois    .         Reflect  .   (no helmet)
rElec    .         Harm     .   (no cloak)
rCorr    .         Rampage  .   (no gloves)
Will     .....                  (no boots)
Stlth    ++........             (no amulet)
HPRegen  0.11/turn              (no ring)
MPRegen  0.12/turn              (no ring)

@: lethally poisoned (-3 -> -6)
A: high mp 1, forlorn
a: no special abilities


You were on level 2 of the Dungeon.
You visited 1 branch of the dungeon, and saw 2 of its levels.

You collected 74 gold pieces.

Inventory:

Hand Weapons
 a - a +3 short sword (weapon)
 g - a +0 long sword
Armour
 i - a +0 robe (worn)
Wands
 h - a wand of flame (19)
Scrolls
 b - a scroll of blinking {unknown}
 c - a scroll of identify {unknown}
 d - 2 scrolls of enchant weapon {unknown}
 e - a scroll of teleportation {unknown}
Potions
 f - a potion of lignification {unknown}
 j - a potion of ambrosia {unknown}


   Skills:
 * Level 1.1 Fighting
 * Level 2.1 Dodging
 + Level 1.8 Stealth
 * Level 2.5 Spellcasting
 * Level 1.5 Conjurations
 * Level 3.6 Fire Magic


You had 7 spell levels left.
You knew the following spells:

 Your Spells              Type           Power      Damage    Failure   Level
a - Foxfire               Conj/Fire      52%        2x1d6     4%          1

Your spell library contained the following spells:

 Spells                   Type           Power      Damage    Failure   Level
 Conjure Flame            Conj/Fire      13%        6-21      14%         3
 Inner Flame              Hex/Fire       10%        N/A       21%         3
 Frozen Ramparts          Ice            4%         1d2       38%         3
 Sticky Flame             Conj/Fire      13%        2d4       43%         4
 Ice Form                 Ice/Tmut       2%         N/A       80%         4
 Summon Ice Beast         Ice/Summ       2%         N/A       80%         4
 Fireball                 Conj/Fire      6%         3d5       80%         5


Dungeon Overview and Level Annotations

Branches:
Dungeon (2/15)

Shops:
D:1 ?


Innate Abilities, Weirdness & Mutations

Your attributes grow dramatically as you level up.
You have an increased reservoir of magic. (+10% MP)
You shall have no god before yourself.


Message History

Confirm with . or Enter, or press ? or * to list all spells.
You conjure some foxfire!
The gnoll misses you. The gnoll hits you with a +0 club!
Unknown command.
Casting: Foxfire (safe; 4% risk of failure)
Confirm with . or Enter, or press ? or * to list all spells.
There is not enough space to conjure foxfire!
Unknown command.
Your foxfire dissipates!
The foxfire hits the gnoll.
The gnoll is severely wounded.
Casting: Foxfire (safe; 4% risk of failure)
Confirm with . or Enter, or press ? or * to list all spells.
You conjure some foxfire!
The gnoll barely misses you.
The foxfire hits the gnoll but does no damage.
The gnoll is severely wounded.
The foxfire hits the gnoll.
You kill the gnoll!
Unknown command.
Casting: Foxfire (safe; 4% risk of failure)
Confirm with . or Enter, or press ? or * to list all spells.
You conjure some foxfire!
The adder barely misses you. The adder closely misses you.
The foxfire hits the adder.
The adder is moderately wounded.
The foxfire hits the adder.
The adder is heavily wounded.
The adder bites you.
You are poisoned.
The adder poisons you!
Casting: Foxfire (safe; 4% risk of failure)
Confirm with . or Enter, or press ? or * to list all spells.
You conjure some foxfire!
You feel sick. The adder bites you but does no damage.
The gnoll hits you from afar with a +0 spear!
* * * LOW HITPOINT WARNING * * *
You feel sick.
The foxfire hits the adder.
You kill the adder!
The gnoll hits you from afar with a +0 spear!
You die...

............ #..... .#######+###
#. #..... .# #####. ##### #.....
.# ....##. #...# #.....
########.....##. #...# #.....
.............##.# #...###.....
########.....##.######..........[
##### #[....#.§§vggg............
....# #.....#.§@###.............
....####.......### ###...........
.......#.......# #.........##
....##.#.......# #..##....##
.......#.......# #..##.##.#
....#..#.#####.# #..##.#...#
.......#...#...# #..##.#...#
[..†#.##.#.#.#.###+###. ......#
....#.##.#.#.#...P.P... #.##..#


You could see 3 gnolls.

Vanquished Creatures
  Jessica (D:2)
  A gnoll (D:2)
  2 adders (D:2)
  2 worms (D:2)
  2 dart slugs
  6 ball pythons
  3 bats
  3 endoplasms
  2 giant cockroaches (D:1)
  4 goblins
  5 hobgoblins
  2 quokkas (D:1)
  3 frilled lizards
  5 kobolds
  4 rats
45 creatures vanquished.

Vanquished Creatures (others)
  176 foxfires
176 creatures vanquished.

Grand Total: 221 creatures vanquished

Notes
Turn   | Place    | Note
-------+----------+-------------------------------------------
     0 | D:1      | Morbidden the Demigod Fire Elementalist began the quest for
                  | the Orb.
     0 | D:1      | Reached XP level 1. HP: 14/14 MP: 5/5
   299 | D:1      | Reached skill level 3 in Fire Magic
   610 | D:1      | Reached XP level 2. HP: 20/20 MP: 2/7
  1055 | D:1      | Found Romifel's Magic Scroll Emporium.
  1182 | D:1      | Reached skill level 1 in Conjurations
  1573 | D:1      | Reached XP level 3. HP: 27/27 MP: 5/8
  1640 | D:2      | Noticed Jessica
  1650 | D:2      | Killed Jessica
  2076 | D:2      | Reached skill level 1 in Fighting
  2385 | D:2      | Reached XP level 4. HP: 35/35 MP: 8/10
  2563 | D:2      | Slain by a gnoll

Illustrated notes

Levels and vault maps discovered:
D:1:      ebering_hopf_link, layout_loops_ring, serial_shops,
          nicolae_shop_temple_entry_statues_fountains
D:2:      layout_basic, dreamdust_ecumenical_altar_sealed_demon, uniq_jessica

Skill      XL: |  1  2  3 |
---------------+----------+-----
Fire Magic     | 3 |  3.6
Spellcasting   | 2 |  2.5
Dodging        | 2 |  2.1
Conjurations   | 1 |  1.5
Fighting       | 1 |  1.1
Stealth        | |  1.8

Action                   |  1- 3 |  4- 6 || total
-------------------------+-------+-------++-------
Melee: Unarmed           |     5 |       ||     5
       Short sword       |       |     3 ||     3
 Cast: Foxfire           |   105 |     8 ||   113
Armor: Robe              |     7 |     3 ||    10
Dodge: Dodged            |    28 |     8 ||    36

Table legend: (Time is in decaauts)
 A = Elapsed time spent in this place.
 B = Non-inter-level travel time spent in this place.
 C = Inter-level travel time spent in this place.
 D = Time resting spent in this place.
 E = Time spent auto-exploring this place.
 F = Levels seen in this place.
 G = Mean time per level.
                   A        B        C        D        E       F      G
               +--------+--------+--------+--------+--------+-----+--------+
         Total |   2562 |   2558 |      4 |      0 |   2101 |   2 | 1281.0 |
       Dungeon |   2562 |   2558 |      4 |      0 |   2101 |   2 | 1281.0 |
               +--------+--------+--------+--------+--------+-----+--------+

Top non-repeatable levels by time:
     D:1: 1640 daAuts
     D:2: 922 daAuts
